 Dungeon Crawl Stone Soup version 0.27-a0-909-g0721f309d1 (webtiles) character file.

Game seed: 1176336548710305197

191 Alarkh the Ruffian (level 5, 0/41 HPs)
             Began as a Demonspawn Gladiator on Apr 8, 2021.
             Slain by Grinder (4 damage)
             ... while paralysed by Grinder
             ... on level 3 of the Dungeon.
             The game lasted 00:03:28 (2343 turns).

Alarkh the Ruffian (Demonspawn Gladiator)           Turns: 2343, Time: 00:03:29

Health: 0/41       AC:  5    Str: 15    XL:     5   Next: 42%
Magic:  5/5        EV:  2    Int: 10    God:
Gold:   137        SH:  0    Dex: 14    Spells: 4/4 levels left

rFire    . . .     SeeInvis .     - Unarmed
rCold    . . .     Faith    .   (no shield)
rNeg     . . .     Spirit   .   a - +0 leather armour
rPois    .         Reflect  .   b - +0 helmet
rElec    .         Harm     .   d - +0 cloak
rCorr    .         Rampage  .   (no gloves)
Will     .....                  (no boots)
Stlth    +.........             h - amulet of magic regeneration
HPRegen  0.13/turn              (no ring)
MPRegen  0.34/turn              (no ring)

@: paralysed
A: hooves 1, ignite blood 1, powered by death 1
a: no special abilities


You were on level 3 of the Dungeon.
You visited 1 branch of the dungeon, and saw 3 of its levels.

You collected 137 gold pieces.

Inventory:

Armour
 a - a +0 leather armour (worn)
 b - a +0 helmet (worn)
 d - a +0 cloak (worn)
Jewellery
 h - an amulet of magic regeneration (around neck)
Potions
 e - a potion of curing
 f - a potion of flight {unknown}
 g - a potion of might {unknown}
 i - a potion of heal wounds {unknown}
 j - a potion of magic {unknown}


   Skills:
 + Level 3.6 Fighting
 - Level 1.7 Throwing
 - Level 2.6 Dodging
 * Level 4.9 Unarmed Combat


You had 4 spell levels left.
You didn't know any spells.
Your spell library contained the following spells:

 Spells                   Type           Power      Damage    Failure   Level
 Passwall                 Tmut/Erth      0%         N/A       56%         2
 Petrify                  Tmut/Erth      0%         N/A       99%         4
 Metabolic Englaciation   Hex/Ice        0%         N/A       100%        5
 Invisibility             Hex            0%         N/A       100%        6


Dungeon Overview and Level Annotations

Branches:
Dungeon (3/15)

Altars:
Elyvilon
Gozag

Annotations:
D:3 Grinder


Innate Abilities, Weirdness & Mutations

You have large cloven feet.
Your demonic aura sometimes causes spilled blood to erupt in flames You regenerate a little health from kills.


Message History

You are too injured to fight recklessly!
You are too injured to fight recklessly!
Throw: 2 throwing nets
Press: ? - help, Q - select action Shift-Dir - straight line, f/p - Grinder
Aim: Grinder (severely wounded, 55% to hit)
You throw a throwing net. The throwing net hits Grinder.
Grinder is caught in the net!
Grinder is severely wounded.
Grinder gestures at you. Pain shoots through your body!
* * * LOW HITPOINT WARNING * * *
Grinder struggles against the net.
You strike the helpless Grinder from behind!
You hit Grinder but do no damage. You kick Grinder, but do no damage.
Grinder is severely wounded.
You hit Grinder.
Grinder is almost dead.
You hit Grinder but do no damage.
Grinder is almost dead.
Grinder struggles against the net.
You catch the helpless Grinder completely off-guard!
You hit Grinder.
Grinder is almost dead.
Grinder blinks!
You start resting.
Grinder is nearby!
Throw: throwing net
Press: ? - help, Q - select action Shift-Dir - straight line, f/p - Grinder
Aim: Grinder (almost dead, 55% to hit)
You throw a throwing net.
The throwing net closely misses Grinder.
Grinder closely misses you.
You hit Grinder.
Grinder is almost dead.
Grinder gestures at you.
You suddenly lose the ability to move!
Grinder hits you.
* * * LOW HITPOINT WARNING * * *
You writhe in agony.
You die...

#.#.# #..#.##........######## #.#
#..#.##......(........# #.#
#..#.##...............# #.
#..#.##................ #.#
#..#.##........####.... #.#
#..#.##........# #.... #.#
#..#...........# #....
#####+#.###..####5...###.####...#
................@(...#.....##...#
...............(...###.#.####...#
...................)##.._. #....
...!................####.#. #####
........###########.# ....#
#####.......# .# #.# #
............# .# #.#
............... .# ..#
............... ..


You could see Grinder.

Vanquished Creatures
  An ogre (D:3)
  A centaur zombie (D:3)
  2 adders (D:2)
  2 worms (D:2)
  A dart slug (D:1)
  An orc (D:3)
  5 bats
  An endoplasm (D:3)
  A giant cockroach (D:1)
  3 hobgoblins
  2 jackals (D:1)
  4 quokkas
  6 ball pythons
  A frilled lizard (D:1)
  6 goblins
  5 kobolds
  8 rats
50 creatures vanquished.

Vanquished Creatures (others)
  A plant (D:2)
1 creature vanquished.

Grand Total: 51 creatures vanquished

Notes
Turn   | Place    | Note
-------+----------+-------------------------------------------
     0 | D:1      | Alarkh the Demonspawn Gladiator began the quest for the
                  | Orb.
     0 | D:1      | Reached XP level 1. HP: 16/16 MP: 1/1
   106 | D:1      | Reached skill level 3 in Unarmed Combat
   120 | D:1      | Gained mutation: You regenerate a little health from kills.
                  | [demonic ancestry]
   120 | D:1      | Reached XP level 2. HP: 21/22 MP: 2/2
   580 | D:2      | Gained mutation: Your demonic aura sometimes causes spilled
                  | blood to erupt in flames [demonic ancestry]
   580 | D:2      | Reached XP level 3. HP: 27/28 MP: 3/3
  1120 | D:2      | Identified Ryg Gukk's Tome of Fetching Transmutation
  1365 | D:2      | Reached skill level 4 in Unarmed Combat
  1365 | D:2      | Gained mutation: You have large cloven feet. [demonic
                  | ancestry]
  1365 | D:2      | Reached XP level 4. HP: 29/34 MP: 4/4
  1842 | D:3      | Found a faded altar of an unknown god.
  1907 | D:3      | Found an opulent altar of Gozag.
  2003 | D:3      | Noticed an ogre
  2005 | D:3      | Noticed Grinder
  2102 | D:3      | Killed an ogre
  2103 | D:3      | Reached XP level 5. HP: 13/41 MP: 5/5
  2342 | D:3      | Paralysed by Grinder for 2 turns
  2343 | D:3      | Slain by Grinder

Illustrated notes

Levels and vault maps discovered:
D:1:      grunt_arrival_lava_bath, layout_rooms
D:2:      cheibrodos_old_hovel, layout_loops_corners, basic_altar,
          dk_vineyard_2, minivault_11, serial_bayou_pond_b, minmay_tetromino_i4
D:3:      layout_basic, nicolae_gozag_cash_rules_everything_around_me,
          shapermc_ecumenical_altar_gd, uniq_crazy_yiuf_cottage, uniq_grinder

Skill      XL: |  1  2  3  4 |
---------------+-------------+-----
Unarmed Combat | 3 4 |  4.9
Fighting       | 3 |  3.6
Throwing       | |  1.7
Dodging        | |  2.6

Action                   |  1- 3 |  4- 6 || total
-------------------------+-------+-------++-------
Melee: Unarmed           |   139 |    48 ||   187
       Punch             |     3 |     1 ||     4
       Kick              |       |    13 ||    13
Throw: Throwing net      |       |     4 ||     4
  Use: Potion            |     1 |     1 ||     2
 Stab: Held in net/web   |       |     4 ||     4
Armor: Leather armour    |    43 |     7 ||    50
       Skin              |     1 |       ||     1
Dodge: Dodged            |    91 |    35 ||   126

Table legend: (Time is in decaauts)
 A = Elapsed time spent in this place.
 B = Non-inter-level travel time spent in this place.
 C = Inter-level travel time spent in this place.
 D = Time resting spent in this place.
 E = Time spent auto-exploring this place.
 F = Levels seen in this place.
 G = Mean time per level.
                   A        B        C        D        E       F      G
               +--------+--------+--------+--------+--------+-----+--------+
         Total |   2331 |   2305 |     26 |    513 |   1317 |   3 |  777.0 |
       Dungeon |   2331 |   2305 |     26 |    513 |   1317 |   3 |  777.0 |
               +--------+--------+--------+--------+--------+-----+--------+

Top non-repeatable levels by time:
     D:2: 1045 daAuts
     D:3: 757 daAuts
     D:1: 529 daAuts
